 Dungeon Crawl Stone Soup version 0.20-a0-910-gb611367 (webtiles) character file.

102 Duffy the Skirmisher (level 4, -3/24 HPs)
             Began as a Vine Stalker Fighter on Mar 23, 2017.
             Was an Initiate of Makhleb.
             Slain by an iguana (7 damage)
             ... on level 3 of the Dungeon.
             The game lasted 00:01:39 (1841 turns).

Duffy the Skirmisher (Vine Stalker Fighter)         Turns: 1841, Time: 00:01:40

Health: -3/24      AC:  8    Str: 20    XL:     4   Next: 77%
Magic:  0/5        EV:  7    Int:  8    God:    Makhleb [......]
Gold:   252        SH:  9    Dex: 13    Spells: 3/3 levels left

rFire    . . .     SeeInvis .   a - +0 war axe
rCold    . . .     Gourm    .   b - +0 scale mail
rNeg     . . .     Faith    .   c - +0 shield
rPois    .         Spirit   +   (no helmet)
rElec    .         Reflect  .   (no cloak)
rCorr    .         Harm     .   (no gloves)
MR       .....                  m - +1 pair of boots
Stlth    ..........             v - amulet of rage
Regen    0.5/turn               (no ring)
MPRegen  0.1/turn               (no ring)

@: exhausted, slowed, very slow
A: fangs 2, regeneration 1, magic shield, antimagic bite, no potion heal 3, rot
immunity
a: Renounce Religion, Evoke Berserk Rage


You were on level 3 of the Dungeon.
You worshipped Makhleb.
Makhleb was noncommittal.
You were very hungry.

You visited 1 branch of the dungeon, and saw 3 of its levels.

You collected 252 gold pieces.

Inventory:

Hand Weapons
 a - a +0 war axe (weapon)
Armour
 b - a +0 scale mail (worn)
 c - a +0 shield (worn)
 m - a +1 pair of boots (worn)
Jewellery
 v - an amulet of rage (around neck)
Scrolls
 h - 2 scrolls of immolation {unknown}
 j - a scroll of fog {unknown}
 l - a scroll of amnesia {unknown}
 p - a scroll of magic mapping {unknown}
 q - 4 scrolls of identify {unknown}
 s - a scroll of blinking {unknown}
 u - a scroll of teleportation {unknown}
Potions
 d - a potion of might
 e - 2 potions of brilliance {unknown}
 i - 2 potions of curing {unknown}
 k - a potion of mutation {unknown}
 n - 3 potions of heal wounds {unknown}
 o - a potion of haste {unknown}
 r - a potion of berserk rage {unknown}
 t - a potion of agility {unknown}
Comestibles
 f - 5 bread rations
 g - a chunk of flesh


   Skills:
 + Level 3.4 Fighting
 + Level 3.1 Axes
 - Level 2.6 Armour
 - Level 3.0 Shields
 + Level 0.6 Evocations


You had 3 spell levels left.
You didn't know any spells.

Dungeon Overview and Level Annotations

Branches:
Dungeon (3/15)

Altars:
Dithmenos
Gozag
Makhleb
Qazlal
Trog
Yredelemnul
Zin


Innate Abilities, Weirdness & Mutations

You have extremely sharp teeth.
Your natural rate of healing is unusually fast.
When hurt, damage is shared between your health and your magic reserves.
Your bite disrupts and absorbs the magic of your enemies.
Potions cannot restore your health.
You are immune to rotting.


Message History

The iguana bites you!
The jackal bites you but does no damage.
The iguana closely misses you. You block the jackal's attack.
You are too injured to fight recklessly!
You are too injured to fight recklessly!
You are too injured to fight recklessly!
You are too injured to fight recklessly!
You closely miss the iguana. You bite the iguana, but do no damage.
The iguana is lightly wounded.
You closely miss the jackal. The jackal barely misses you.
You block the iguana's attack. You block the jackal's attack.
The iguana hisses menacingly.
The iguana bites you. The jackal bites you. The iguana bites you.
You hit the iguana. You bite the iguana, but do no damage.
The iguana is moderately wounded.
You hit the jackal. You block the jackal's attack.
The jackal bites you but does no damage.
The iguana bites you but does no damage.
The jackal closely misses you. The iguana bites you!
You die...

#####.##.#####
#..%.....#
..#########.###.###
#........#..###...#
#
########.....####..
. #..##..####. ###.
######.####......
...## ##......#
######.
l.$##@.###### #%
#.#lh## #. #.).##
#. ##### ##


You could see an iguana and a jackal.

Vanquished Creatures
  An orc priest (D:3)
  3 worms
  A leopard gecko (D:1)
  2 orcs (D:3)
  8 bats
  3 giant cockroaches
  10 goblins
  3 hobgoblins
  4 jackals (D:1)
  6 kobolds
  2 ball pythons
  2 frilled lizards
  17 rats
62 creatures vanquished.

Notes
Turn   | Place    | Note
-------+----------+-------------------------------------------
     0 | D:1      | Duffy the Vine Stalker Fighter began the quest for the Orb.
     0 | D:1      | Reached XP level 1. HP: 11/11 MP: 2/2
   212 | D:1      | Reached XP level 2. HP: 16/16 MP: 3/3
   487 | D:1      | Reached XP level 3. HP: 19/19 MP: 4/4
  1334 | D:2      | Gained mutation: Your natural rate of healing is unusually fast. [Vine Stalker growth]
  1334 | D:2      | Reached XP level 4. HP: 20/24 MP: 5/5
  1363 | D:2      | You fall through a shaft!
  1461 | D:2      | Found a shadowy altar of Dithmenos.
  1466 | D:2      | Found a glowing silver altar of Zin.
  1466 | D:2      | Found an opulent altar of Gozag.
  1466 | D:2      | Found a bloodstained altar of Trog.
  1466 | D:2      | Found a burning altar of Makhleb.
  1466 | D:2      | Found a stormy altar of Qazlal.
  1469 | D:2      | Found a basalt altar of Yredelemnul.
  1485 | D:2      | Became a worshipper of Makhleb the Destroyer
  1841 | D:3      | Slain by an iguana

Vault maps used:
D:1:      minmay_arrival_shattered_statue, minmay_rat_gold_closets
D:2:      grunt_temple_overflow_open, serial_forest, infiniplex_forest_lined_2,
          infiniplex_forest_end_double, infiniplex_forest_clump_long,
          infiniplex_forest_straight_1, infiniplex_forest_lined_4_way,
          infiniplex_forest_zigzag_1, infiniplex_forest_fountain,
          infiniplex_forest_clump_tiny
D:3:      dancing_weapons_uskayaw

Skill      XL: |  1  2  3  4 |
---------------+-------------+-----
Axes           | 2 3 |  3.1
Shields        | 3 |  3.0
Fighting       | 3 |  3.4
Armour         | |  2.6
Evocations     | |  0.6

Action                   |  1- 3 |  4- 6 || total
-------------------------+-------+-------++-------
Melee: War axe           |    96 |    28 ||   124
       Bite              |    24 |    10 ||    34
 Abil: Evoke Berserk Rag |       |     1 ||     1
  Eat: Chunk             |     1 |     2 ||     3
Armor: Scale mail        |    55 |    10 ||    65
Dodge: Dodged            |    37 |    11 ||    48
Block: Shield            |    55 |    12 ||    67
